Map: Lightshade LE

Players

Future - Winner!

  • Race: Terran Terran
  • League: Master
  • Spawn Location: 11:00

Namshar

  • Race: Zerg Zerg
  • League: Grandmaster
  • Spawn Location: 5:00

Event: DreamHack SC2 Masters 2020 Winter

VOD

Have the link to the VOD?

Description

Time

  • Played on: Nov. 6, 2020, 5:25 p.m.
  • Length: 8:50

All games in this series

Show
View Real Time Build Order
Export as new Build Order

Future Terran - Winner!

Build Orders: Liberator Opening, Reaper Expand 

Get SALT Encoding   

  12  0:00  SCV  
  13  0:12  SCV  
  14  0:18  Supply Depot  
  14  0:24  SCV  
  15  0:40  SCV  
  15  0:41  Barracks  
  16  0:43  Refinery  
  16  0:52  SCV  
  18  1:04  SCV  
  18  1:16  SCV  
  19  1:28  Reaper, Orbital Command  
  20  1:39  Command Center  
  20  1:48  Supply Depot  
  20  1:54  SCV  
  21  2:00  Marine  
  22  2:06  SCV, Factory  
  23  2:13  Refinery  
  23  2:18  SCV  
  23  2:22  Barracks Reactor  
  24  2:30  SCV  
  25  2:42  SCV  
  26  2:51  Starport  
  26  2:52  Orbital Command  
  26  2:54  SCV  
  27  3:02  Hellion x2  
  27  3:04  Barracks Tech Lab  
  31  3:06  SCV  
  32  3:12  Supply Depot  
  32  3:17  SCV  
  32  3:18  SCV  
  34  3:23  Hellion x2  
  38  3:30  SCV x2, Liberator  
  38  3:33  Marine  
  44  3:42  SCV x2  
  44  3:44  Supply Depot  
  44  3:46  Hellion  
  44  3:48  Hellion  
  50  3:51  Stimpack  
  50  3:54  SCV  
  50  3:55  SCV  
  52  4:06  SCV  
  52  4:07  SCV  
  54  4:17  Command Center  
  54  4:18  SCV  
  54  4:19  SCV  
  56  4:24  Supply Depot  
  56  4:30  SCV  
  56  4:31  SCV  
  58  4:32  Barracks  
  58  4:33  Starport Tech Lab  
  58  4:34  Barracks  
  58  4:35  Factory Reactor  
  58  4:42  SCV  
  58  4:43  SCV, Engineering Bay  
  58  4:44  Engineering Bay  
  60  4:54  SCV  
  60  4:55  SCV  
  62  5:00  Refinery  
  62  5:01  Refinery  
  62  5:05  Marine  
  62  5:06  SCV, Starport Reactor, Supply Depot  
  64  5:07  SCV  
  64  5:12  Terran Infantry Weapons Level 1, Terran Infantry Armor Level 1  
  65  5:19  SCV x2  
  67  5:22  Marine x2  
  67  5:27  Siege Tank  
  72  5:29  Supply Depot  
  72  5:31  SCV x2, Marine  
  72  5:32  Marine x2  
  72  5:33  Orbital Command  
  74  5:41  Combat Shield  
  74  5:43  SCV x2, Marine x2  
  74  5:47  Supply Depot  
  74  5:49  Marine x2  
  79  5:53  Orbital Command  
  79  5:55  Marine  
  82  5:57  SCV x2  
  82  6:00  Marine  
  82  6:01  Marine, Siege Tank  
  82  6:03  Medivac x2  
  92  6:07  Marine x2  
  92  6:09  SCV  
  86  6:12  SCV  
  86  6:13  Marine  
  86  6:15  Supply Depot  
  86  6:17  Supply Depot  
  86  6:18  SCV, Marine x2  
  86  6:21  SCV  
  86  6:24  SCV  
  89  6:26  Armory  
  89  6:28  Marine x2  
  89  6:30  SCV  
  89  6:31  Marine  
  93  6:33  SCV, Siege Tank  
  93  6:34  Medivac  
  93  6:36  SCV  
  93  6:39  Marine x2  
  102  6:42  Medivac  
  104  6:48  Barracks  
  104  6:49  Barracks  
  104  6:51  Marine x3  
  107  6:56  Marine x2  
  108  7:07  Barracks, Siege Tank  
  109  7:08  Marine, Barracks  
  109  7:09  Marine x2  
  109  7:10  Barracks  
  109  7:12  SCV x2  
  111  7:19  Marine  
  111  7:21  Marine  
  113  7:25  Medivac  
  113  7:26  Marine x2  
  113  7:27  Marine  
  113  7:28  Medivac  
  120  7:36  Marine  
  121  7:37  Marine  
  121  7:39  Marine  
  121  7:43  Marine  
  124  7:45  Marine  
  124  7:50  Supply Depot  
  125  7:52  Marine x2  
  125  7:54  Marine  
  125  7:55  Marine  
  125  7:57  Marine  
  128  8:01  Marine  
  128  8:03  Marine  
  128  8:04  Siege Tank  
  133  8:11  Marine x2  
  133  8:12  Marine  
  136  8:13  Marine  
  136  8:14  Marine  
  136  8:19  Marine  
  133  8:20  Marine x2  
  133  8:21  Marine  
  133  8:22  Marine  
  122  8:29  Marine x2  
  122  8:30  Marine x2  
  122  8:32  Marine  
Show
View Real Time Build Order
Export as new Build Order

Namshar Zerg 

Build Orders: Hatch First 

Get SALT Encoding   

  12  0:00  Drone  
  13  0:11  Overlord  
  13  0:16  Drone  
  14  0:30  Drone x2  
  16  0:47  Hatchery  
  15  0:50  Drone  
  15  0:54  Drone  
  18  0:57  Drone  
  18  1:08  Extractor  
  17  1:12  Spawning Pool  
  17  1:16  Drone  
  17  1:18  Drone  
  18  1:27  Drone  
  19  1:38  Drone  
  20  1:48  Drone  
  21  1:59  Queen x2  
  21  2:00  Zergling x4  
  27  2:15  Hatchery  
  26  2:18  Overlord  
  26  2:21  Drone  
  27  2:23  Drone  
  27  2:37  Drone  
  27  2:38  Drone x2  
  27  2:39  Metabolic Boost  
  30  2:44  Drone  
  30  2:46  Queen  
  33  2:51  Overlord  
  33  2:54  Drone  
  34  2:58  Drone  
  35  3:10  Drone x5  
  40  3:13  Queen  
  42  3:24  Overlord  
  42  3:26  Queen, Drone  
  45  3:34  Drone  
  45  3:37  Queen  
  48  3:42  Zergling x4  
  48  3:45  Drone x5  
  48  3:48  Overlord  
  55  3:54  Overlord  
  55  3:56  Drone x2  
  57  4:09  Queen  
  59  4:10  Overlord x2  
  59  4:11  Drone x3  
  62  4:17  Zergling x2  
  62  4:18  Zergling x4  
  62  4:22  Zergling x4  
  67  4:31  Lair  
  67  4:32  Drone  
  67  4:33  Drone x2, Baneling Nest  
  67  4:35  Zergling x2  
  67  4:36  Zergling x4  
  72  4:48  Drone  
  72  4:49  Drone x4  
  73  4:57  Zergling x2, Drone  
  74  5:01  Extractor  
  74  5:03  Extractor  
  74  5:04  Evolution Chamber x2  
  70  5:11  Zergling x6, Drone x2  
  72  5:14  Drone x4  
  72  5:20  Drone  
  76  5:31  Hatchery  
  73  5:36  Drone x6  
  73  5:42  Drone x3  
  82  5:46  Overlord x2  
  82  5:51  Extractor x2  
  80  5:57  Overlord x2  
  80  5:59  Drone x2  
  80  6:06  Zergling x2  
  80  6:07  Zergling x6  
  78  6:16  Drone x7  
  82  6:25  Zerg Melee Weapons Level 1, Zerg Ground Armor Level 1  
  82  6:27  Drone  
  82  6:30  Drone  
  82  6:31  Drone  
  85  6:33  Zergling x6  
  85  6:35  Centrifical Hooks  
  85  6:38  Overlord x2  
  88  6:42  Queen  
  88  6:43  Zergling x2  
  88  6:44  Zergling x2  
  92  6:47  Zergling x6  
  92  6:49  Zergling x6  
  92  6:51  Baneling  
  92  6:52  Baneling x3  
  98  6:55  Zergling x6  
  98  6:56  Hatchery  
  98  6:57  Zergling x2  
  101  7:02  Zergling x6  
  101  7:03  Baneling x3  
  101  7:05  Zergling x2  
  101  7:06  Zergling x4  
  106  7:12  Zergling x2  
  106  7:15  Zergling x2  
  106  7:16  Zergling x12  
  113  7:24  Zergling x6  
  114  7:32  Drone x2  
  114  7:33  Extractor  
  114  7:34  Baneling  
  114  7:35  Baneling x2  
  114  7:36  Drone x3  
  118  7:37  Spire  
  118  7:41  Zergling x12  
  122  7:47  Zergling x2  
  122  7:48  Zergling x10  
  128  7:56  Zergling x6  
  113  8:00  Baneling  
  113  8:02  Zergling x2  
  113  8:03  Zergling x6  
  113  8:05  Baneling x7  
  117  8:06  Zergling x2  
  117  8:11  Zergling x10  
  117  8:15  Zergling x6  
  117  8:17  Zergling x2  
  117  8:19  Zergling x4  
  93  8:27  Zergling x2  
  93  8:28  Zergling x2  
  93  8:32  Zergling x8  
  93  8:34  Baneling  
Tags
 
Add a new tag
Caveats
  • Supply blocks, unpowered buildings, or Contaminate may cause inaccurate times.
  • Supply counts are checked every 10 seconds.